 Dungeon Crawl Stone Soup version 0.31-a0-233-g139696dc86 (webtiles) character file.

Game seed: 10347351772335105108

975 qw the Skirmisher (level 7, 0/61 HPs)
             Began as a Minotaur Hexslinger on July 7, 2023.
             Slain by a yak (9 damage)
             ... on level 6 of the Dungeon.
             The game lasted 00:01:46 (4505 turns).

qw the Skirmisher (Minotaur Hexslinger)             Turns: 4505, Time: 00:01:47

Health: 0/61       AC: 12    Str: 13    XL:     7   Next: 95%
Magic:  7/7        EV: 11    Int: 14    God:
Gold:   153        SH:  0    Dex: 14    Spells: 7/8 levels left

rFire   . . .        r - +0 sling of the Absolute Madman {freeze, Int+4}
rCold   . . .        (no shield)
rNeg    . . .        s - +0 ring mail
rPois   .            (helmet restricted)
rElec   .            o - +2 cloak of Love and Death {Stlth+}
rCorr   +            j - +1 pair of gloves
SInv    +            g - +0 pair of boots
Will    .....        (no amulet)
Stlth   ++           h - ring of see invisible
HPRegen 0.30/turn    q - ring of resist corrosion
MPRegen 0.10/turn

%: no passive effects
@: about to teleport
A: horns 2, retaliatory headbutt
a: no special abilities


You were on level 6 of the Dungeon.
You visited 2 branches of the dungeon, and saw 7 of its levels.

You collected 309 gold pieces.
You spent 156 gold pieces at shops.


Innate Abilities, Weirdness & Mutations

You have a pair of horns on your head.
You reflexively headbutt those who attack you in melee.


   Skills:
 - Level 5.1 Fighting
 + Level 8.0 Ranged Weapons
 - Level 4.4 Armour
 - Level 2.1 Dodging
 - Level 1.0 Spellcasting
 - Level 2.0 Hexes


You had 7 spell levels left.
You knew the following spells:

 Your Spells              Type           Power      Damage    Failure   Level
a - Slow                  Hex            24%        N/A       22%         1

Your spell library contained the following spells:

 Spells                   Type           Power      Damage    Failure   Level
 Inner Flame              Hex/Fire       3%         N/A       71%         3
 Portal Projectile        Hex/Tloc       6%         N/A       71%         3
 Cause Fear               Hex            3%         N/A       92%         4

Inventory:

Hand Weapons
 r - the +0 sling of the Absolute Madman (weapon) {freeze, Int+4}
   (You found it on level 5 of the Dungeon)

   Int:       It affects your intelligence (+4).
Armour
 g - a +0 pair of boots (worn)
 j - a +1 pair of gloves (worn)
 o - the +2 cloak of Love and Death (worn) {Stlth+}
   (You found it on level 5 of the Dungeon)

   Stlth:     It makes you more stealthy.
 s - a +0 ring mail (worn)
Jewellery
 b - a ring of see invisible
 h - a ring of see invisible (left hand)
 n - a ring of fire
 q - a ring of resist corrosion (right hand)
 Y - a ring of positive energy
Scrolls
 d - a scroll of identify
 t - a scroll of teleportation
Potions
 a - a potion of magic {unknown}
 c - a potion of invisibility {unknown}
 e - a potion of mutation {unknown}
 f - 4 potions of curing
 i - a potion of berserk rage {unknown}
 k - a potion of resistance {unknown}
 l - a potion of enlightenment {unknown}
 m - 2 potions of haste

Dungeon Overview and Level Annotations

Branches:
Dungeon (6/15)             Temple (1/1) D:5

Altars:
Dithmenos
Elyvilon
Gozag
Hepliaklqana
Kikubaaqudgha
Makhleb
Nemelex Xobeh
Ru
Trog
Vehumet
Wu Jian
Xom
Yredelemnul
Zin
The Shining One

Shops:
D:1 :   D:3 !

Annotations:
D:5 2 transporters, qw's ghost, novice NaHu
D:6 Sigmund


Message History

Sigmund gestures wildly while chanting.
Sigmund flickers and vanishes for a moment.
The yak barely misses you. You furiously retaliate!
You headbutt the yak, but do no damage. You shoot a sling bullet.
The sling bullet hits the yak but does no damage.
The yak is heavily wounded.
The yak barely misses you. The yak gores you but does no damage.
You shoot a sling bullet. The sling bullet hits the yak.
The sling bullet freezes the yak.
The yak is heavily wounded.
The yak gores you but does no damage. The yak gores you. x2
You shoot a sling bullet. The sling bullet hits the yak.
The sling bullet freezes the yak.
The yak is heavily wounded.
The yak gores you but does no damage. x2
You shoot a sling bullet.
The sling bullet hits the yak but does no damage.
The yak is heavily wounded.
You shoot a sling bullet.
The sling bullet hits the yak but does no damage.
The yak is heavily wounded.
The yak gores you!
You shoot a sling bullet.
The sling bullet hits the yak but does no damage.
The yak is heavily wounded.
The yak barely misses you. The yak misses you.
You shoot a sling bullet.
The sling bullet hits the yak but does no damage.
The yak is heavily wounded.
The yak gores you. x2
4504 ||| READING 2 scrolls of teleportation.
As you read the scroll of teleportation, it crumbles to dust.
You feel strangely unstable. The yak gores you. The yak barely misses you.
You shoot a sling bullet. The sling bullet hits the yak!
The sling bullet freezes the yak.
The yak is almost dead.
The yak gores you!
You die...

###############
......Y@......#
....##Y######.#
. #Y #.# #Y #.#
#@ #.##########
#. #...........
#. ##########.#
#. #....<#.#
#.#####.#


You could see 4 yaks and Sigmund (invisible).

Vanquished Creatures
  Grinder (D:5)
  An ogre (D:4)
  A phantom (D:4)
  4 scorpions (D:4)
  2 hounds
  2 sleepcaps (D:5)
  3 iguanas
  An orc wizard (D:5)
  6 adders
  2 white imps (D:5)
  A worm (D:2)
  3 dart slugs
  12 orcs
  9 ball pythons
  8 endoplasms
  5 giant cockroaches
  9 goblins
  6 hobgoblins
  6 jackals
  2 quokkas
  4 bats
  A frilled lizard (D:2)
  7 kobolds
  6 rats
102 creatures vanquished.

Notes
Turn   | Place    | Note
-------+----------+-------------------------------------------
     0 | D:1      | qw the Minotaur Hexslinger began the quest for the Orb.
     0 | D:1      | Reached XP level 1. HP: 16/16 MP: 1/1
     0 | D:1      | 0 ||| qw: Version: 0.3-a-46-gb1f654a
     0 | D:1      | 0 ||| qw: Game counter: 3271
     0 | D:1      | 0 ||| qw: Melee chars always use a shield: true
     0 | D:1      | 0 ||| qw: God list: Okawaru
     0 | D:1      | 0 ||| qw: Allow faded altars: false
     0 | D:1      | 0 ||| qw: Do Orc after clearing Dungeon:15 true
     0 | D:1      | 0 ||| qw: Do second Lair branch before Depths: true
     0 | D:1      | 0 ||| qw: Lair rune preference: random
     0 | D:1      | 0 ||| qw: Goals: Normal
     0 | D:1      | 0 ||| PLANNING D:1-11
    88 | D:1      | Found Lothrox's Book Emporium.
   124 | D:1      | Reached skill level 3 in Ranged Weapons
   132 | D:1      | Reached XP level 2. HP: 23/23 MP: 2/2
   224 | D:1      | Found a faded altar of an unknown god.
   741 | D:1      | Reached XP level 3. HP: 23/29 MP: 3/3
   849 | D:1      | 849 ||| DROPPING scarf of invisibility.
   850 | D:1      | 850 ||| READING scroll labelled YRHYOSO GEKLEYS.
   851 | D:1      | 851 ||| READING scroll labelled OLAUCAALOPS.
   852 | D:1      | 852 ||| DRINKING 2 green potions.
   853 | D:1      | 853 ||| DROPPING scroll of poison.
  1046 | D:2      | Reached skill level 4 in Ranged Weapons
  1416 | D:2      | 1416 ||| UPGRADING to +0 pair of boots.
  1421 | D:2      | 1421 ||| UPGRADING to +0 leather armour.
  1431 | D:2      | 1431 ||| DROPPING +0 robe.
  1432 | D:2      | 1432 ||| UPGRADING to +0 pair of gloves.
  1437 | D:2      | 1437 ||| DROPPING +6 ring of intelligence.
  1438 | D:2      | 1438 ||| UPGRADING to ring of see invisible.
  1439 | D:2      | 1439 ||| READING scroll labelled PEIQOBR ASSO.
  1440 | D:2      | 1440 ||| READING scroll labelled QELIFA DARCHASEES.
  1441 | D:2      | 1441 ||| READING scroll labelled JYHIPPE NYCUECK.
  1554 | D:3      | Found a shimmering altar of Xom.
  1619 | D:3      | Found a glowing golden altar of the Shining One.
  1675 | D:3      | Reached XP level 4. HP: 36/36 MP: 4/4
  1695 | D:3      | Found a white marble altar of Elyvilon.
  1889 | D:3      | 1889 ||| READING scroll of enchant armour.
  1889 | D:3      | 1889 ||| ENCHANTING +0 pair of gloves.
  1922 | D:3      | Found Wiseurph's Distillery.
  1925 | D:3      | 1925 ||| BUYING 2 potions of curing (78 gold).
  1925 | D:3      | Bought 2 potions of curing for 78 gold pieces
  1925 | D:3      | 1925 ||| BUYING potion of curing (39 gold).
  1925 | D:3      | Bought a potion of curing for 39 gold pieces
  1925 | D:3      | 1925 ||| BUYING potion of curing (39 gold).
  1925 | D:3      | Bought a potion of curing for 39 gold pieces
  1925 | D:3      | 1925 ||| SHOPLISTING potion of curing (39 gold, have 31).
  1925 | D:3      | 1925 ||| SHOPLISTING potion of mutation (104 gold, have
                  | 31).
  2177 | D:3      | 2177 ||| UPGRADING to +0 cloak.
  2265 | D:4      | Reached skill level 1 in Armour
  2380 | D:4      | Found a basalt altar of Yredelemnul.
  2396 | D:4      | Reached skill level 5 in Ranged Weapons
  2436 | D:4      | Noticed a scorpion
  2443 | D:4      | Killed a scorpion
  2444 | D:4      | Reached skill level 3 in Fighting
  2444 | D:4      | Reached XP level 5. HP: 42/45 MP: 5/5
  2486 | D:4      | Found a sparkling altar of Nemelex Xobeh.
  2596 | D:4      | HP: 11/45 [iguana (4)]
  2598 | D:4      | HP: 4/45 [iguana (7)]
  2840 | D:4      | Noticed an ogre
  2846 | D:4      | Killed an ogre
  2847 | D:4      | Reached skill level 6 in Ranged Weapons
  2847 | D:4      | Reached XP level 6. HP: 51/51 MP: 6/6
  2970 | D:4      | Found a shadowy altar of Dithmenos.
  2983 | D:4      | Reached skill level 7 in Ranged Weapons
  3091 | D:4      | Reached XP level 7. HP: 60/60 MP: 7/7
  3151 | D:4      | 3151 ||| UPGRADING to ring of positive energy.
  3152 | D:4      | 3152 ||| READING scroll labelled WACITR PAMOKKY.
  3156 | D:4      | 3156 ||| READING scroll labelled UDATIU ULITEK.
  3157 | D:4      | 3157 ||| DRINKING 2 clear potions.
  3165 | D:5      | Entered Level 5 of the Dungeon
  3180 | D:5      | 3180 ||| STAIRDANCE
  3210 | D:5      | Identified the +2 cloak of Love and Death {Stlth+}
  3280 | D:5      | Identified the +0 sling of the Absolute Madman {freeze,
                  | Int+4}
  3282 | D:5      | 3282 ||| SWAPPING to +0 sling of the Absolute Madman
                  | {freeze, Int+4}.
  3283 | D:5      | 3283 ||| DROPPING +2 sling.
  3329 | D:5      | Identified the +0 dire flail of Eternity {protect, Fly rC+
                  | Int+2 Stlth-}
  3330 | D:5      | Noticed qw's ghost (novice NaHu)
  3332 | D:5      | Found a transporter.
  3336 | D:5      | Found a transporter.
  3503 | D:5      | Found a staircase to the Ecumenical Temple.
  3504 | D:5      | 3504 ||| PLANNING TEMPLE
  3504 | D:5      | 3504 ||| UPGRADING to +2 cloak of Love and Death {Stlth+}.
  3514 | D:5      | 3514 ||| DROPPING +0 cloak.
  3515 | D:5      | 3515 ||| UPGRADING to +0 ring mail.
  3525 | D:5      | 3525 ||| DROPPING +0 leather armour.
  3526 | D:5      | 3526 ||| DROPPING ring of flight.
  3527 | D:5      | 3527 ||| READING scroll labelled BUREFR JOOK.
  3637 | Temple   | Entered the Ecumenical Temple
  3780 | Temple   | 3780 ||| PLANNING D:1-11
  3836 | D:5      | Noticed Grinder
  3842 | D:5      | Paralysed by Grinder for 5 turns
  3855 | D:5      | Killed Grinder
  4036 | D:5      | Found an ornate altar of the Wu Jian Council.
  4110 | D:5      | 4110 ||| DRINKING 5 potions of curing.
  4110 | D:5      | 4110 ||| (to cure confusion)
  4119 | D:5      | Reached skill level 8 in Ranged Weapons
  4412 | D:5      | 4412 ||| UPGRADING to ring of resist corrosion.
  4443 | D:6      | 4443 ||| PLANNING SEWER
  4489 | D:6      | Noticed a yak
  4489 | D:6      | Noticed a yak
  4489 | D:6      | Noticed a yak
  4489 | D:6      | Noticed a yak
  4492 | D:6      | Noticed Sigmund
  4503 | D:6      | HP: 15/61 [yak (2)]
  4504 | D:6      | 4504 ||| READING 2 scrolls of teleportation.
  4505 | D:6      | Slain by a yak

Levels and vault maps discovered:
D:1:      scummos_arrival_gate, layout_loops_ring,
          ebering_ecumenical_altar_hall, serial_shops, shop
D:2:      layout_basic
D:3:      layout_loops_ring, lemuel_tele_altar, xom_butterflies,
          mainiacjoe_overflow_surrounded_room, serial_shops,
          nicolae_shop_real_fake_doors
D:4:      layout_loops_cross, nemelex_dance_club_becter, kennysheep_mini,
          mainiacjoe_overflow_chevrons
D:5:      layout_loops_cross, lemuel_coloured_pillars_altar,
          minmay_temple_entry_junction, gammafunk_ghost_smash, uniq_grinder
D:6:      layout_basic, okawaru_ov_weapons_minmay, gup_sewer_entry_spiral,
          uniq_sigmund
Temple:   hellmonk_temple_flake

Skill      XL: |  1  2  3  4  5  6  7 |
---------------+----------------------+-----
Ranged Weapons | 3 4 5 6 7 8 |  8.0
Fighting       | 2 3 4 5 |  5.1
Armour         | 1 4 |  4.4
Dodging        | |  2.1
Spellcasting   | |  1.0
Hexes          | |  2.0

Action                     |  1- 3 |  4- 6 |  7- 9 || total
---------------------------+-------+-------+-------++-------
   Fire: Sling             |   132 |   150 |   138 ||   420
    Use: Scroll            |     5 |     1 |     4 ||    10
         Potion            |     1 |       |     2 ||     3
 Armour: Robe              |    10 |       |       ||    10
         Leather armour    |       |    12 |     6 ||    18
         Ring mail         |       |       |    39 ||    39
  Dodge: Dodged            |    28 |    39 |    46 ||   113

Table legend:
 A = Non-vault XP
 B = Vault XP
 C = Vault XP percentage of total XP
 D = Non-vault monster count
 E = Vault monster count
 F = Vault count percentage of total count
                 A         B        C        D         E       F
            +---------+---------+-------+---------+---------+-------
      Total |    1108 |     286 |  20.5 |      99 |       3 |   2.9
            +---------+---------+-------+---------+---------+-------
        D:1 |      43 |       0 |   0.0 |      22 |       0 |   0.0
        D:2 |      45 |       0 |   0.0 |      23 |       0 |   0.0
        D:3 |      40 |       0 |   0.0 |      14 |       0 |   0.0
        D:4 |     684 |       5 |   0.7 |      26 |       2 |   7.1
        D:5 |     296 |     281 |  48.7 |      14 |       1 |   6.7
            +---------+---------+-------+---------+---------+-------
